 Dungeon Crawl Stone Soup version 0.20-a0-256-gabb291d (webtiles) character file.

1189 Ryco the Magician (level 8, -1/44 HPs)
             Began as a Deep Elf Fire Elementalist on Dec 1, 2016.
             Slain by a sky beast (6 damage)
             ... on level 6 of the Dungeon.
             The game lasted 00:33:58 (3363 turns).

Ryco the Magician (Deep Elf Fire Elementalist)      Turns: 3363, Time: 00:33:58

Health: -1/44      AC:  4    Str:  5      XL:     8   Next: 19%
Magic:  4/20       EV: 14    Int: 21 (23) God:
Gold:   36         SH:  0    Dex: 14 (15) Spells: 3/21 levels left

rFire  + . .     SeeInvis .     r - +0 trident
rCold  x . .     Gourm    .     a - +0 robe
rNeg   . . .     Faith    .     (no shield)
rPois  .         Spirit   .     (no helmet)
rElec  .         Reflect  .     (no cloak)
rCorr  .         Harm     .     e - +0 pair of gloves
MR     .....                    m - +0 pair of boots
Stlth  ++........               (no amulet)
                                (no ring)
                                i - ring of fire

@: invisible
A: no striking features
a: no special abilities


You were on level 6 of the Dungeon.
You were not hungry.

You visited 1 branch of the dungeon, and saw 7 of its levels.

You collected 221 gold pieces.
You spent 185 gold pieces at shops.

Inventory:

Hand Weapons
 j - a +0 dagger
 r - a +0 trident (weapon)
Armour
 a - a +0 robe (worn)
 e - a +0 pair of gloves (worn)
 m - a +0 pair of boots (worn)
Jewellery
 i - a ring of fire (left hand)
Scrolls
 f - 5 scrolls of remove curse
 h - 4 scrolls of amnesia
Potions
 g - 2 potions of mutation
 n - a potion of invisibility
 o - 3 potions of agility
 q - a potion of lignification
Books
 b - a book of Flames

   Spells                             Type                      Level
   a - Flame Tongue                   Conjuration/Fire             1
   b - Throw Flame                    Conjuration/Fire             2
   c - Conjure Flame                  Conjuration/Fire             3
   d - Inner Flame                    Hexes/Fire                   3
   e - Sticky Flame                   Conjuration/Fire             4
   f - Fireball                       Conjuration/Fire             5
 k - a book of Minor Magic

   Spells                             Type                      Level
   a - Magic Dart                     Conjuration                  1
   b - Blink                          Translocation                2
   c - Call Imp                       Summoning                    2
   d - Repel Missiles                 Charms/Air                   2
   e - Slow                           Hexes                        2
   f - Conjure Flame                  Conjuration/Fire             3
   g - Mephitic Cloud                 Conjuration/Poison/Air       3
Comestibles
 c - 2 bread rations
 l - 3 fruits


   Skills:
 + Level 1.7 Fighting
 - Level 0.4 Short Blades
 + Level 4.0 Dodging
 - Level 2.4 Stealth
 + Level 7.1 Spellcasting
 + Level 5.7 Conjurations
 + Level 0.6 Hexes
 + Level 0.4 Translocations
 + Level 6.0 Fire Magic
 + Level 1.9 Air Magic
 - Level 0.4 Poison Magic


You had 3 spell levels left.
You knew the following spells:

 Your Spells              Type           Power        Failure   Level  Hunger
a - Flame Tongue          Conj/Fire      #####        1%          1    None
b - Blink                 Tloc           N/A          12%         2    None
c - Conjure Flame         Conj/Fire      #####...     2%          3    None
d - Mephitic Cloud        Conj/Pois/Air  ###.....     10%         3    None
i - Inner Flame           Hex/Fire       ####....     10%         3    None
r - Repel Missiles        Chrm/Air       ##....       12%         2    None
s - Sticky Flame          Conj/Fire      #####...     10%         4    ###....


Dungeon Overview and Level Annotations

Branches:
Dungeon (7/15)
 Temple: D:4-7

Altars:
Dithmenos
Elyvilon
Fedhas
Nemelex Xobeh
Sif Muna
Xom

Shops:
D:5 ?

Annotations:
D:5 Prince Ribbit
D:6 Pikel


Message History

Unknown command.
The centaur shouts!
The centaur wields a shortbow.
The centaur shoots an arrow.
The arrow hits you!
You see here an arrow.
As you read the scroll labeled VEARIR LEILLUO, it crumbles to dust.
The creatures around you are filled with an inner flame!
It was a scroll of immolation.
As you read the scroll labeled BUISKO BUTE, it crumbles to dust.
You feel aware of your surroundings.
It was a scroll of magic mapping.
Something hits you. Something shocks you. Something hits you.
Something shocks you.
* * * LOW HITPOINT WARNING * * *
The orc wizard points at you and mumbles some strange words.
The magic dart hits you!
* * * LOW HITPOINT WARNING * * *
You fade into invisibility!
The centaur shoots an arrow.
The arrow closely misses you. Something hits you.
* * * LOW HITPOINT WARNING * * *
Something shocks you.
You die...

,,,#.............###......# #.#..
*,,,.......#..######.##.#####.#.#
,,,,.................##.......#.#
*##########........#**##...####.#
,#...)...#.........+...'...†.....
.#.#†#.#.#.........#####...#.....
Y).........#'##..>.........#.....
##########)#.##o............,....
,,,#.......#.##{@................
,,,........#.##..................
,,,........#.###(......#.....,#'#
,,,........#...c............###'#
,,,................#.............
,,,................#.............
,,,......c........##.............
,,,,,,,,,.........'',............
,,***,*,,.........#*,,.##......c.


You could see a centaur and an orc wizard (inner flame).

Vanquished Creatures
  Duvessa (D:6)
  An orc warrior (D:6)
  An ogre (D:4)
  3 centaurs
  A bullfrog (D:6)
  A scorpion (D:6)
  Dowan (D:6)
  A howler monkey (D:6)
  A jelly (D:6)
  A hound (D:5)
  Ijyb (D:3)
  2 iguanas
  2 orc wizards (D:4)
  4 worker ants
  A hound skeleton (D:6)
  10 adders
  A shadow imp (D:5)
  An ooze (D:1)
  An adder zombie (D:7)
  3 worms
  A dart slug (D:2)
  3 leopard geckos
  20 orcs
  4 bats
  3 giant cockroaches
  2 goblins
  4 hobgoblins
  3 kobolds
  3 quokkas
  6 ball pythons
  5 frilled lizards
  A quokka skeleton (D:6)
  4 rats
97 creatures vanquished.

Vanquished Creatures (others)
  A bush (D:5)
1 creature vanquished.

Grand Total: 98 creatures vanquished

Notes
Turn   | Place    | Note
-------+----------+-------------------------------------------
     0 | D:1      | Ryco the Deep Elf Fire Elementalist began the quest for the Orb.
     0 | D:1      | Reached XP level 1. HP: 10/10 MP: 6/6
    75 | D:2      | Found a faded altar of an unknown god.
   143 | D:1      | Reached XP level 2. HP: 7/15 MP: 0/8
   673 | D:2      | Reached XP level 3. HP: 5/19 MP: 5/9
   678 | D:2      | Learned a level 3 spell: Conjure Flame
  1020 | D:3      | Learned a level 3 spell: Mephitic Cloud
  1044 | D:3      | Reached skill level 4 in Spellcasting
  1088 | D:3      | Reached XP level 4. HP: 24/24 MP: 2/12
  1180 | D:3      | Noticed Ijyb
  1187 | D:3      | Killed Ijyb
  1324 | D:3      | Learned a level 4 spell: Sticky Flame
  1342 | D:3      | Reached XP level 5. HP: 26/28 MP: 9/13
  1533 | D:4      | Learned a level 2 spell: Blink
  1662 | D:4      | Found a sparkling altar of Nemelex Xobeh.
  1662 | D:4      | Found a shimmering altar of Xom.
  1690 | D:5      | Entered Level 5 of the Dungeon
  1804 | D:5      | Noticed Prince Ribbit
  1855 | D:6      | Noticed an orc warrior
  1925 | D:5      | Noticed a centaur
  1932 | D:5      | HP: 1/28 [centaur/arrow (13)]
  1953 | D:5      | Killed a centaur
  1953 | D:5      | Reached skill level 5 in Spellcasting
  1953 | D:5      | Reached XP level 6. HP: 4/33 MP: 9/15
  1957 | D:5      | Learned a level 2 spell: Repel Missiles
  2051 | D:5      | Found Linnyina's Magic Scroll Boutique.
  2057 | D:5      | Bought a scroll of amnesia for 38 gold pieces
  2057 | D:5      | Bought a scroll of amnesia for 38 gold pieces
  2057 | D:5      | Bought a scroll of fear for 38 gold pieces
  2057 | D:5      | Bought a scroll of teleportation for 33 gold pieces
  2057 | D:5      | Bought a scroll of amnesia for 38 gold pieces
  2072 | D:5      | Found a shadowy altar of Dithmenos.
  2086 | D:5      | Reached skill level 5 in Fire Magic
  2209 | D:4      | Reached skill level 1 in Air Magic
  2409 | D:4      | Reached XP level 7. HP: 28/37 MP: 14/17
  2417 | D:4      | Found a white marble altar of Elyvilon.
  2418 | D:4      | Found a deep blue altar of Sif Muna.
  2423 | D:4      | Reached skill level 5 in Conjurations
  2433 | D:4      | Reached skill level 1 in Fighting
  2736 | D:5      | HP: 2/57 [poisoned by a worker ant]
  2741 | D:5      | HP: 2/57 [poisoned by a worker ant]
  2747 | D:5      | HP: 2/57 [poisoned by a worker ant]
  2753 | D:5      | HP: 1/57 [poisoned by a worker ant]
  2831 | D:5      | Found a blossoming altar of Fedhas.
  2861 | D:6      | Noticed Pikel
  3112 | D:6      | Reached skill level 6 in Spellcasting
  3219 | D:6      | Learned a level 3 spell: Inner Flame
  3316 | D:6      | Noticed Dowan
  3321 | D:6      | Noticed Duvessa
  3323 | D:6      | Killed Dowan
  3327 | D:6      | Reached XP level 8. HP: 41/44 MP: 1/20
  3329 | D:6      | Killed Duvessa
  3329 | D:6      | Reached skill level 7 in Spellcasting
  3363 | D:6      | Slain by a sky beast

Vault maps used:
D:1:      dpeg_arrival_water_fire, st_stairs_10
D:2:      chequers_ecumenical_altar_simple_redux
D:3:      minmay_snake_closets, uniq_grinder, uniq_iyjb
D:4:      grunt_temple_overflow_open, gammafunk_temple_overflow_elements,
          first_bread, gup_sewer_entry_pipe
D:5:      grunt_dithmenos_smoke, fedhas_bush_and_centaur_altar, serial_shops,
          shop, uniq_prince_ribbit1
D:6:      hangedman_minor_gate_pass, uniq_pikel, uniq_duvessa

Skill      XL: |  1  2  3  4  5  6  7  8 |
---------------+-------------------------+-----
Fire Magic     | 4 5 6 |  6.0
Conjurations   | 2 3 4 5 |  5.7
Spellcasting   | 4 5 6 7 |  7.1
Air Magic      | 1 |  1.9
Dodging        | 3 4 |  4.0
Fighting       | 1 |  1.7
Short Blades   | |  0.4
Stealth        | |  2.4
Hexes          | |  0.6
Translocations | |  0.4
Poison Magic   | |  0.4

Action                   |  1- 3 |  4- 6 |  7- 9 || total
-------------------------+-------+-------+-------++-------
Melee: Dagger            |     1 |    27 |   101 ||   129
       Trident           |       |       |     7 ||     7
 Cast: Flame Tongue      |    64 |    63 |    59 ||   186
       Conjure Flame     |     1 |     1 |     4 ||     6
       Mephitic Cloud    |       |     7 |     7 ||    14
       Sticky Flame      |       |     5 |     3 ||     8
       Blink             |       |     2 |       ||     2
       Repel Missiles    |       |     1 |       ||     1
       Inner Flame       |       |       |     1 ||     1
  Use: Scroll            |     3 |     7 |     4 ||    14
       Potion            |       |     2 |     6 ||     8
 Stab: Sleeping          |       |     2 |       ||     2
  Eat: Chunk             |       |     2 |       ||     2
       Meat ration       |       |     1 |       ||     1
       Bread ration      |       |       |     1 ||     1
       Pizza             |       |       |     1 ||     1
Armor: Robe              |     4 |    11 |    19 ||    34
       Skin              |       |       |    20 ||    20
Dodge: Dodged            |    22 |    51 |    45 ||   118
       Deflected         |       |       |     1 ||     1
